cohdb
Replays
Latest Replays
All Replays
Popular Replays
Top Player Replays
Match Explorer
How It Works
Community
CoH3 Stats
Reddit
Sign in to upload your games and track your stats! →
Sign in with Steam
Match 42829200
Unlisted
Match 42829200
Overview
Messages
Build Orders
End
Construct Barracks
Selects Armored Battlegroup
Selects Veteran Crews
1⁄4-ton 4x4 Truck
Riflemen Squad
M1 Mortar Team
Riflemen Squad
Construct Medical Station
Infantry Support Center
Grenade Package
Riflemen Squad
Selects Field Repairs
Construct Motor Pool
Selects Fast Deploy
M24 Chaffee Light Tank
M1918 Browning Automatic Rifles
M1 Anti-tank Gun Team
Selects War Machine
M24 Chaffee Light Tank
Construct Tank Depot
Selects M8 Scott SPG
Selects UNKNOWN (2160077)
M4A3E8 Sherman Easy Eight
北投甜菜
黛西·露珠·毛毛
Jarkke
Setti-Veke
0
0
Comments
sign in to comment!
No comments posted yet!